 Dungeon Crawl Stone Soup version 0.27-a0-1139-g28e009f8a6 (webtiles) character file.

Game seed: 6453253402727625277

46 Kuinu the Sneak (level 3, -1/22 HPs)
             Began as a Kobold Brigand on May 7, 2021.
             Slain by an orc
             ... wielding a +0 mace
              (4 damage)
             ... on level 3 of the Dungeon.
             The game lasted 00:01:59 (1854 turns).

Kuinu the Sneak (Kobold Brigand)                    Turns: 1854, Time: 00:02:00

Health: -1/22      AC:  3    Str:  8    XL:     3   Next: 95%
Magic:  3/3        EV: 15    Int: 12    God:
Gold:   113        SH:  0    Dex: 17    Spells: 2/2 levels left

rFire    + . .     SeeInvis .   a - +2 dagger
rCold    . . .     Faith    .   (shield restricted)
rNeg     . . .     Spirit   .   b - +0 robe
rPois    .         Reflect  .   (no helmet)
rElec    .         Harm     .   c - +0 cloak
rCorr    .         Rampage  .   (no gloves)
Will     .....                  (no boots)
Stlth    ++++......             (no amulet)
HPRegen  0.07/turn              j - ring of protection from fire
MPRegen  0.08/turn              (no ring)

@: no status effects
A: small, no large weapons, nightstalker 3
a: no special abilities


You were on level 3 of the Dungeon.
You visited 1 branch of the dungeon, and saw 3 of its levels.

You collected 113 gold pieces.

Inventory:

Hand Weapons
 a - a +2 dagger (weapon)
 n - a +2 whip of flaming
Missiles
 d - 23 poisoned darts (quivered)
 e - 2 curare-tipped darts
Armour
 b - a +0 robe (worn)
 c - a +0 cloak (worn)
Jewellery
 j - a ring of protection from fire (left hand)
 l - a ring of fire
Scrolls
 k - a scroll of teleportation
 m - a scroll of immolation {unknown}
Potions
 f - 2 potions of flight {unknown}
 g - 3 potions of curing {unknown}
 h - 2 potions of attraction {unknown}
 i - 2 potions of berserk rage {unknown}


   Skills:
 * Level 2.8 Fighting
 * Level 3.6 Short Blades
 - Level 2.1 Throwing
 + Level 0.6 Armour
 * Level 2.2 Dodging
 + Level 5.5 Stealth


You had 2 spell levels left.
You didn't know any spells.
Your spell library contained the following spells:

 Spells                   Type           Power      Damage    Failure   Level
 Corona                   Hex            0%         N/A       32%         1
 Ensorcelled Hibernation  Hex/Ice        0%         N/A       45%         2
 Confusing Touch          Hex            0%         N/A       69%         3
 Dazzling Flash           Conj/Hex       0%         N/A       69%         3
 Tukima's Dance           Hex            0%         N/A       69%         3


Dungeon Overview and Level Annotations

Branches:
Dungeon (3/15)

Altars:


Innate Abilities, Weirdness & Mutations

You are small and have problems with some larger weapons.
You are completely attuned to the shadows.


Message History

There is a stone staircase leading up here.
An orc comes into view. It is wielding a +0 mace.
An orc comes into view. It is wielding a +0 trident.
An orc wizard comes into view. It is wielding a +0 dagger.
The orc wizard shouts!
The orc shouts!
You hear a shout!
You miss the orc wizard.
The orc shouts!
You hit the orc wizard.
The orc wizard is lightly wounded.
You hear a shout!
The orc wizard closely misses you. The orc closely misses you.
You hit the orc wizard.
The orc wizard is moderately wounded.
The orc closely misses you.
The orc wizard hits you but does no damage.
The orc closely misses you.
You barely miss the orc wizard.
The orc wizard is moderately wounded.
The orc barely misses you.
The orc wizard hits you with a +0 dagger.
The orc hits you with a +0 trident.
You hit the orc wizard.
The orc wizard is moderately wounded.
The orc hits you with a +0 mace. The orc wizard barely misses you.
The orc hits you with a +0 trident.
* * * LOW HITPOINT WARNING * * *
You hit the orc wizard.
The orc wizard is heavily wounded.
The orc closely misses you. The orc wizard barely misses you.
The orc misses you. The orc closely misses you.
The orc hits you from afar with a +0 trident.
* * * LOW HITPOINT WARNING * * *
The orc wizard casts a spell at itself.
The orc wizard flickers and vanishes!
Deactivating autopickup; reactivate with Ctrl-A.
The orc throws a boomerang.
The boomerang closely misses you.
There is a stone staircase leading up here.
The orc hits you with a +0 mace.
You die...

### #@#
#o# #.#
#.# # #o#
#.#.# #
#.#.#.##
.#...#...
......###


You could see 2 orcs.

Vanquished Creatures
  A dart slug (D:1)
  4 bats
  2 endoplasms
  5 giant cockroaches
  5 goblins
  5 jackals (D:1)
  3 kobolds
  A quokka (D:1)
  4 ball pythons (D:1)
  5 frilled lizards
  4 rats
39 creatures vanquished.

Notes
Turn   | Place    | Note
-------+----------+-------------------------------------------
     0 | D:1      | Kuinu the Kobold Brigand began the quest for the Orb.
     0 | D:1      | Reached XP level 1. HP: 12/12 MP: 1/1
   107 | D:1      | Reached XP level 2. HP: 18/18 MP: 2/2
   425 | D:1      | Reached XP level 3. HP: 22/22 MP: 3/3
  1854 | D:3      | Slain by an orc

Illustrated notes

Levels and vault maps discovered:
D:1:      ncdulo_halloftheorcs, layout_loops_ring, minmay_pentomino_z2
D:2:      layout_loops_cross
D:3:      layout_basic, nicolae_overflow_crystal_walls,
          ebering_ecumenical_altar_box

Skill      XL: |  1  2 |
---------------+-------+-----
Short Blades   | 3 |  3.6
Dodging        | 2 |  2.2
Fighting       | |  2.8
Throwing       | |  2.1
Armour         | |  0.6
Stealth        | |  5.5

Action                   || total
-------------------------++-------
Melee: Dagger            ||    93
  Use: Scroll            ||     2
 Stab: Sleeping          ||    20
Armor: Robe              ||    13
Dodge: Dodged            ||    52

Table legend: (Time is in decaauts)
 A = Elapsed time spent in this place.
 B = Non-inter-level travel time spent in this place.
 C = Inter-level travel time spent in this place.
 D = Time resting spent in this place.
 E = Time spent auto-exploring this place.
 F = Levels seen in this place.
 G = Mean time per level.
                   A        B        C        D        E       F      G
               +--------+--------+--------+--------+--------+-----+--------+
         Total |   1838 |   1781 |     57 |      0 |   1554 |   3 |  612.7 |
       Dungeon |   1838 |   1781 |     57 |      0 |   1554 |   3 |  612.7 |
               +--------+--------+--------+--------+--------+-----+--------+

Top non-repeatable levels by time:
     D:1: 1064 daAuts
     D:2: 750 daAuts
     D:3: 23 daAuts
